[Event "*** Titled Tuesday Blitz"]
[Site "Chess.com"]
[Date "2020.12.01"]
[Round "4"]
[White "glebus008"]
[Black "misterlamine"]
[Result "1-0"]
[WhiteElo "2238"]
[BlackElo "2298"]
[TimeControl "180+1"]
[EndTime "10:35:28 PST"]
[Termination "glebus008 won by resignation"]

1. e4 c5 2. Nf3 d6 3. d4 cxd4 4.
Qxd4 Nc6 5. Bb5 e5 6. Qd3 Nf6 7. Bg5 a6 8. Bxc6+ bxc6 9. Nc3 Rb8 10. b3 h6 11. Bxf6 Qxf6 12. O-O Be7 13. Na4 O-O 14. c4 Rd8 15. Nc3 Bg4 16. Ne1 Be6 17. Nc2 Qg6 18.
Ne3 Bg5 19. Rad1 Bf4 20. g3 Bxe3 21. Qxe3 f5 22. exf5 Bxf5 23. Rd2 Rf8 24. Qa7 Bh3 25.
Re1 Qf6 26. Re3 Ra8 27. Qc7 Rac8 28. Qxd6 Qg6 29. Qxg6 1-0

[Event "*** Titled Tuesday Blitz"]
[Site "Chess.com"]
[Date "2020.12.01"]
[Round "4"]
[White "TheKingDoctor"]
[Black "stepanosinovsky"]
[Result "0-1"]
[WhiteElo "2072"]
[BlackElo "2295"]
[TimeControl "180+1"]
[EndTime "10:35:28 PST"]
[Termination "stepanosinovsky won by resignation"]

1. d4 Nf6 2. Bg5 g6 3. Bxf6 exf6 4. g3 h5 5. h4 Bg7 6. Bg2 O-O 7. e3 Re8 8. Ne2 f5 9. O-O d6 10. c4 Nd7 11. Nd2 Nf6 12. Rb1 a5 13. a3 Ng4 14.
b4 axb4 15. axb4 Bh6 16. Nf4 Ra3 17. Rb3 Ra2 18. Nf3 Bd7 19. Re1 Ba4 0-1

[Event "*** Titled Tuesday Blitz"]
[Site "Chess.com"]
[Date "2020.12.01"]
[Round "4"]
[White "marabu44"]
[Black "Kolle05"]
[Result "0-1"]
[WhiteElo "2268"]
[BlackElo "2442"]
[TimeControl "180+1"]
[EndTime "10:35:30 PST"]
[Termination "Kolle05 won by resignation"]

1. Nf3 Nf6 2. c4 g6 3. Nc3 Bg7 4. e4 d6 5. d4 O-O 6. Be2 e5 7. dxe5 dxe5 8. Qxd8 Rxd8 9. Nd5 Nxd5 10. cxd5 c6 11.
Bc4 cxd5 12. Bxd5 Nc6 13. Bg5 Re8 14. Bxc6 bxc6 15. Rc1 f5 16. Bd2 fxe4 17. Ng5 Bf5 18.
Rxc6 Rac8 19. Rc3 Red8 20. h4 h6 21. Nh3 Bg4 22. O-O Rxd2 23. Rxc8+ Bxc8 24. Rc1 Bxh3 25. gxh3 Rxb2 26. Rc4 Rxa2 27. Rxe4 a5 0-1

[Event "*** Titled Tuesday Blitz"]
[Site "Chess.com"]
[Date "2020.12.01"]
[Round "4"]
[White "Alexsur1981"]
[Black "Doraemon7"]
[Result "1-0"]
[WhiteElo "2822"]
[BlackElo "2525"]
[TimeControl "180+1"]
[EndTime "10:35:38 PST"]
[Termination "Alexsur1981 won by resignation"]

1. e4 e5 2. f4 exf4 3. Bc4 c6 4.
Nc3 Nf6 5. Qf3 b5 6. Bb3 a5 7. a3 Na6 8. d4 b4 9. axb4 Bxb4 10. Ne2 d5 11. O-O O-O 12. e5 Ng4 13. Bxf4 f6 14. Nxd5 cxd5 15. Qxd5+ Kh8 16. Qxa8 fxe5 17. Bxe5 1-0

[Event "*** Titled Tuesday Blitz"]
[Site "Chess.com"]
[Date "2020.12.01"]
[Round "4"]
[White "j_coca"]
[Black "Zq1"]
[Result "1-0"]
[WhiteElo "2375"]
[BlackElo "2579"]
[TimeControl "180+1"]
[EndTime "10:35:39 PST"]
[Termination "j_coca won by resignation"]

1. f4 d5 2. Nf3 g6 3. e3 Bg7 4.
d4 Nh6 5. Bd3 Bf5 6. O-O Bxd3 7.
Qxd3 Nd7 8. Nbd2 c6 9. c3 O-O 10. e4 dxe4 11. Nxe4 Nf5 12. Qe2 Nf6 13. Neg5 h6 14. Ne4 Nxe4 15. Qxe4 Qd5 16. Qe2 c5 17. dxc5 Qxc5+ 18. Kh1 Rfd8 19. g4 Nd6 20. Be3 Qc4 21.
Qg2 Qc6 22. Rae1 Nc4 23. Bd4 Bxd4 24. Nxd4 Qxg2+ 25. Kxg2 e6 26. Re2 Rac8 27. Rff2 a6 28. f5 exf5 29. gxf5 g5 30. h4 Kg7 31. hxg5 hxg5 32.
f6+ Kg6 33. Nf5 Rc5 34. Ne7+ Kh5 35. Kf3 g4+ 36. Kf4 1-0

[Event "*** Titled Tuesday Blitz"]
[Site "Chess.com"]
[Date "2020.12.01"]
[Round "4"]
[White "Volodar_Murzin"]
[Black "Manukyan_Artak"]
[Result "1-0"]
[WhiteElo "2597"]
[BlackElo "2368"]
[TimeControl "180+1"]
[EndTime "10:35:43 PST"]
[Termination "Volodar_Murzin won by resignation"]

1. e4 c6 2. d4 d5 3. f3 Nf6 4. Nc3 e6 5. Be3 Bb4 6. e5 Nfd7 7. a3 Bxc3+ 8. bxc3 b6 9. f4 Ba6 10.
Nf3 Bxf1 11. Rxf1 g6 12. g4 h5 13. h3 hxg4 14. hxg4 Rh3 15. Qe2 b5 16. Qg2 Rxf3 17. Rxf3 Qa5 18. Bd2 Nf8 19. f5 Nbd7 20. fxg6 fxg6 21.
Kf1 O-O-O 22. Kg1 Qa4 23. Bh6 c5 24. Qf2 cxd4 25. cxd4 Nh7 26. Rf7 Nxe5 27. Rxh7 Nxg4 28. Qf4 1-0

[Event "*** Titled Tuesday Blitz"]
[Site "Chess.com"]
[Date "2020.12.01"]
[Round "4"]
[White "StockholmMissile"]
[Black "talman67"]
[Result "1-0"]
[WhiteElo "2373"]
[BlackElo "2524"]
[TimeControl "180+1"]
[EndTime "10:35:46 PST"]
[Termination "StockholmMissile won by resignation"]

1. d4 Nf6 2. c4 e6 3. Nf3 b6 4. a3 Bb7 5. Nc3 d5 6. Bg5 Be7 7. Qa4+ Nbd7 8. Bxf6 Bxf6 9. cxd5 exd5 10. g3 O-O 11. Bh3 c6 12. Nxd5 cxd5 13. Qxd7 Qxd7 14.
Bxd7 Rad8 15. Bb5 Rc8 16. Kd2 a6 17. Bd3 g6 18. Rac1 Rfd8 19. Rxc8 Rxc8 20. Rc1 Kf8 21. Rxc8+ Bxc8 22. Ne5 Ke7 23. Nc6+ Kd6 24. Ne5 Bxe5 25. dxe5+ Kxe5 26. f4+ Kd4 27. b4 1-0

[Event "*** Titled Tuesday Blitz"]
[Site "Chess.com"]
[Date "2020.12.01"]
[Round "4"]
[White "ikhasu"]
[Black "Abdimalik_Abdisalimov"]
[Result "1-0"]
[WhiteElo "2432"]
[BlackElo "2712"]
[TimeControl "180+1"]
[EndTime "10:35:47 PST"]
[Termination "ikhasu won by resignation"]

1. e4 e5 2. Nf3 Nc6 3. d4 exd4 4. Nxd4 Nf6 5. Nxc6 bxc6 6. e5 Qe7 7. Qe2 Nd5 8.
h4 a5 9. c4 Ba6 10. g3 g6 11.
h5 Bg7 12. f4 O-O 13. hxg6 hxg6 14. Qh2 Rfe8 15. cxd5 Bxf1 16. Kxf1 cxd5 17. Nc3 c6 18. Be3 d6 19. Na4 dxe5 20. Qh7+ Kf8 21. Bc5 exf4 22. Re1 Qxc5 23. Rxe8+ Rxe8 24. Nxc5 fxg3 25. Nd7+ Ke7 26.
Qxg7 Kxd7 27. Qxf7+ 1-0

[Event "*** Titled Tuesday Blitz"]
[Site "Chess.com"]
[Date "2020.12.01"]
[Round "4"]
[White "Funo09"]
[Black "stoleriu"]
[Result "1-0"]
[WhiteElo "2759"]
[BlackElo "2556"]
[TimeControl "180+1"]
[EndTime "10:35:50 PST"]
[Termination "Funo09 won by resignation"]

1. e4 e6 2. d3 d5 3. Nd2 c5 4.
Ngf3 Nc6 5. g3 Bd6 6. Bg2 Nge7 7. O-O O-O 8. Nh4 Qc7 9. f4 f6 10. c3 d4 11. c4 e5 12. f5 Rb8 13. Bf3 a6 14. b3 b5 15. Rf2 bxc4 16. Nxc4 a5 17. Qf1 Ba6 18. Bd1 a4 19. g4 axb3 20. Bxb3 Kh8 21.
Ng6+ Nxg6 22. fxg6 h6 23. Qh3 Rxb3 24. axb3 Nb4 25. Bxh6 gxh6 26. Qxh6+ Kg8 27. Nxd6 Nxd3 28. Nf7 Rxf7 29. gxf7+ Qxf7 30. Rxa6 1-0

[Event "*** Titled Tuesday Blitz"]
[Site "Chess.com"]
[Date "2020.12.01"]
[Round "4"]
[White "MarcLonoff"]
[Black "Dreamer_01"]
[Result "1/2-1/2"]
[WhiteElo "2187"]
[BlackElo "2370"]
[TimeControl "180+1"]
[EndTime "10:35:51 PST"]
[Termination "Game drawn by repetition"]

1. c4 c6 2. e4 g6 3. Nc3 Bg7 4. d3 e5 5. g3 Ne7 6. Bg2 O-O 7.
Be3 d6 8. Nge2 c5 9. Qd2 Nbc6 10. Bh6 Nd4 11. Nxd4 cxd4 12. Ne2 Bxh6 13. Qxh6 Qa5+ 14. Kf1 f5 15. h4 fxe4 16. Bxe4 d5 17. cxd5 Nf5 18.
Qg5 Ne3+ 19. Kg1 Qd2 20. Bxg6 hxg6 21. Qxg6+ Kh8 22. Qh6+ Kg8 23. Qg6+ Kh8 24. Qh5+ Kg7 25. Qg5+ Kh7 26. Qh5+ Kg8 27. Qg6+ 1/2-1/2

[Event "*** Titled Tuesday Blitz"]
[Site "Chess.com"]
[Date "2020.12.01"]
[Round "4"]
[White "champ2005"]
[Black "r31415"]
[Result "1-0"]
[WhiteElo "3004"]
[BlackElo "2478"]
[TimeControl "180+1"]
[EndTime "10:35:56 PST"]
[Termination "champ2005 won by resignation"]

1. c4 Nf6 2. Nc3 e5 3. g3 d5 4. cxd5 Nxd5 5. Bg2 Nb6 6. Nf3 Nc6 7. O-O Be7 8. d3 Be6 9. a3 a5 10. b3 Nd4 11.
Nd2 Nd5 12. Bb2 O-O 13. e3 Nc6 14. Qe2 Qd7 15. Rfd1 Rfd8 16. Rac1 f6 17. Nce4 b6 18. Nf3 Na7 19. d4 exd4 20. Nxd4 Bf7 21. Nc3 c6 22.
Nxc6 Nxc6 23. Nxd5 Kf8 24. Nxe7 1-0

[Event "*** Titled Tuesday Blitz"]
[Site "Chess.com"]
[Date "2020.12.01"]
[Round "4"]
[White "bazar-wokzal"]
[Black "Smile2005"]
[Result "1-0"]
[WhiteElo "2534"]
[BlackElo "2317"]
[TimeControl "180+1"]
[EndTime "10:35:56 PST"]
[Termination "bazar-wokzal won by resignation"]

1. e4 d5 2. exd5 Nf6 3. Bb5+ Bd7 4. Bc4 Bg4 5. f3 Bc8 6. Nc3 Nbd7 7. Qe2 Nb6 8. Qd3 g6 9. Bb3 Bf5 10. Qb5+ Bd7 11. Qa5 Bg7 12. Nge2 O-O 13. d3 Bf5 14. g4 Bc8 15. h4 Qd7 16. h5 Rd8 17. hxg6 hxg6 18.
Nf4 Qd6 19. Bd2 Qe5+ 20. Kf2 Bxg4 21. fxg4 Nxg4+ 22. Kf3 Qf5 23. Ne4 g5 24. Rag1 Ne5+ 25. Ke2 gxf4 26. Rg5 f3+ 27. Kd1 Qd7 28. d6 cxd6 29.
Rhg1 Ng6 30. Rxg6 1-0

[Event "*** Titled Tuesday Blitz"]
[Site "Chess.com"]
[Date "2020.12.01"]
[Round "4"]
[White "Kretov_Evgenij"]
[Black "JonahWillow"]
[Result "1-0"]
[WhiteElo "2489"]
[BlackElo "2651"]
[TimeControl "180+1"]
[EndTime "10:35:57 PST"]
[Termination "Kretov_Evgenij won by resignation"]

1. d4 c5 2. d5 d6 3. Nc3 Nf6 4. e4 g6 5. Bb5+ Nbd7 6. a4 a6 7. Bxd7+ Bxd7 8. f4 Bg7 9. Nf3 Bg4 10. h3 Bxf3 11.
Qxf3 O-O 12. O-O Rb8 13. a5 b5 14. axb6 Rxb6 15. Kh2 Nd7 16. Nd1 Qb8 17. c3 c4 18.
Ne3 Rc8 19. Ra4 Nc5 20. Rxc4 Nd3 21. Rxc8+ Qxc8 22. Nf5 gxf5 23. Qxd3 fxe4 24. Qxe4 Rb7 25. Rf3 f5 26. Qd3 Kh8 27. Rg3 Bf6 28. Qxa6 Rc7 29. Qd3 Rc4 30. Bd2 Re4 31. Re3 Ra4 32. b4 Ra2 33. c4 Rb2 34. Bc3 Rf2 35. Rxe7 Qf8 36. Bxf6+ Qxf6 37. Re8+ Kg7 38. Qg3+ Qg6 39. Qxf2 Qxe8 40.
Qd4+ Kg6 41. c5 dxc5 42. bxc5 1-0

[Event "*** Titled Tuesday Blitz"]
[Site "Chess.com"]
[Date "2020.12.01"]
[Round "4"]
[White "guillembaches"]
[Black "Bwert2602"]
[Result "1-0"]
[WhiteElo "2398"]
[BlackElo "2189"]
[TimeControl "180+1"]
[EndTime "10:35:59 PST"]
[Termination "guillembaches won by resignation"]

1. e4 e6 2. d4 d5 3. exd5 exd5 4. Nf3 Bg4 5. h3 Bxf3 6. Qxf3 Nf6 7. Bd3 h6 8. O-O Nc6 9. c3 Be7 10. Bf4 O-O 11. Nd2 Bd6 12. Rfe1 Bxf4 13. Qxf4 Qd6 14. Qxd6 cxd6 15. b4 Rac8 16. Nb3 Rc7 17. b5 Nb8 18. Rac1 Rfc8 19. Kf1 Rxc3 20. Rxc3 Rxc3 21. Ke2 Kf8 22. Kd2 Rc7 23. f3 Nbd7 24. Rc1 Nb6 25. Rxc7 1-0

[Event "*** Titled Tuesday Blitz"]
[Site "Chess.com"]
[Date "2020.12.01"]
[Round "4"]
[White "Rsnr"]
[Black "Duhless"]
[Result "0-1"]
[WhiteElo "2775"]
[BlackElo "3000"]
[TimeControl "180+1"]
[EndTime "10:36:01 PST"]
[Termination "Duhless won by resignation"]

1. d4 Nf6 2. c4 c5 3. d5 e6 4. Nc3 exd5 5. cxd5 d6 6. Nf3 g6 7. Bf4 Bg7 8. Qa4+ Bd7 9. Qb3 O-O 10. Bxd6 Ba4 11.
Qxa4 Qxd6 12. e4 Nbd7 13. Be2 a6 14. Qc2 b5 15. O-O Rfe8 16. Nd2 Bh6 17. f3 Bf4 18. h3 Be3+ 19. Kh1 Nh5 20. f4 Ng3+ 21. Kh2 Bxf4 22. Kg1 Be3+ 23. Rf2 Qf4 24. Nf3 Nf6 0-1

[Event "*** Titled Tuesday Blitz"]
[Site "Chess.com"]
[Date "2020.12.01"]
[Round "4"]
[White "joejan"]
[Black "ApacheSVD"]
[Result "1-0"]
[WhiteElo "2278"]
[BlackElo "2422"]
[TimeControl "180+1"]
[EndTime "10:36:01 PST"]
[Termination "joejan won on time"]

1. e4 c5 2. Nc3 a6 3. f4 b5 4. g3 Bb7 5. Bg2 e6 6. d3 Nf6 7.
Nf3 d5 8. O-O dxe4 9. Ng5 h6 10.
Ngxe4 Nxe4 11. Bxe4 Nc6 12. Be3 Be7 13. f5 exf5 14.
Rxf5 O-O 15. Qh5 Nd4 16. Bxb7 Rb8 17. Be4 Nxc2 18. Bxh6 Nxa1 19. Bxg7 Kxg7 20. Qg4+ Bg5 21. Rxg5+ Kf6 22. Nd5+ Qxd5 23. Rxd5 1-0

[Event "*** Titled Tuesday Blitz"]
[Site "Chess.com"]
[Date "2020.12.01"]
[Round "4"]
[White "googlegoom"]
[Black "Deepweb2020"]
[Result "1-0"]
[WhiteElo "2461"]
[BlackElo "2294"]
[TimeControl "180+1"]
[EndTime "10:36:03 PST"]
[Termination "googlegoom won by checkmate"]

1. Nf3 Nf6 2. b3 b6 3. Bb2 Bb7 4. e3 e6 5. Be2 Be7 6. O-O O-O 7.
d4 d5 8. Nbd2 Ne4 9. Nxe4 dxe4 10.
Nd2 c5 11. c4 f5 12. Qc2 Nd7 13. Rad1 cxd4 14. Bxd4 Qc7 15. Qb2 e5 16. Bc3 f4 17.
exf4 exf4 18. Bxg7 Rf7 19. Bh6 f3 20. gxf3 exf3 21.
Bd3 Qd6 22. Kh1 Qxh6 23. Rg1+ Kf8 24. Qh8# 1-0

[Event "*** Titled Tuesday Blitz"]
[Site "Chess.com"]
[Date "2020.12.01"]
[Round "4"]
[White "Andreikka"]
[Black "Susal_De_Silva"]
[Result "1-0"]
[WhiteElo "2880"]
[BlackElo "2647"]
[TimeControl "180+1"]
[EndTime "10:36:10 PST"]
[Termination "Andreikka won by resignation"]

1. d4 Nf6 2. c4 e6 3. Nc3 Bb4 4. Qc2 d5 5. cxd5 exd5 6. Bg5 h6 7. Bh4 O-O 8. e3 b6 9. Nf3 Bb7 10. Bd3 g5 11. Bg3 Ne4 12. O-O Bxc3 13. bxc3 f5 14.
Ne5 Nd7 15. Nxd7 Qxd7 16. Be5 c5 17. f3 c4 18. Be2 Nd6 19. Bd1 b5 20. Qd2 Nf7 21.
Bg3 Bc6 22. Bc2 a5 23. a3 Nh8 24. a4 bxa4 25. Rfb1 Ra7 26. Rb6 Rb7 27. Rxb7 Qxb7 28. Bd6 Rd8 29. Rb1 Qa8 30. Bc7 Rd7 31. Rb8+ Qxb8 32.
Bxb8 Rb7 33. Bd6 Rb2 34. Qc1 1-0

[Event "*** Titled Tuesday Blitz"]
[Site "Chess.com"]
[Date "2020.12.01"]
[Round "4"]
[White "gross-aleks"]
[Black "SergeiAza"]
[Result "0-1"]
[WhiteElo "2526"]
[BlackElo "2839"]
[TimeControl "180+1"]
[EndTime "10:36:13 PST"]
[Termination "SergeiAza won by resignation"]

1. d4 f5 2. Nf3 Nf6 3. g3 e6 4. Bg2 Be7 5. O-O O-O 6. c4 d6 7.
Nc3 Ne4 8. Qc2 Nxc3 9. bxc3 Nc6 10. e4 e5 11. dxe5 dxe5 12. Rd1 Qe8 13. Bg5 Bxg5 14.
Nxg5 Qh5 15. h4 h6 16. Nf3 f4 17. Rd5 fxg3 18. Qd3 Bg4 19. Nd4 gxf2+ 20. Kf1 Qxh4 21. Nxc6 bxc6 22. Rxe5 Qh2 0-1

[Event "*** Titled Tuesday Blitz"]
[Site "Chess.com"]
[Date "2020.12.01"]
[Round "4"]
[White "LiamVrolijk"]
[Black "Kotofeyca"]
[Result "1-0"]
[WhiteElo "2831"]
[BlackElo "2475"]
[TimeControl "180+1"]
[EndTime "10:36:15 PST"]
[Termination "LiamVrolijk won by checkmate"]

1. c4 c6 2. d4 d5 3. cxd5 cxd5 4. Bg5 Nf6 5. Bxf6 gxf6 6. Nc3 Nc6 7. e3 Bg7 8. Bd3 e6 9. Qg4 O-O 10. Nge2 f5 11. Qh5 Ne7 12. g4 Kh8 13. gxf5 Nxf5 14.
Bxf5 exf5 15. Nf4 Be6 16. Rg1 Bf6 17. Qh6 Rg8 18. Rxg8+ Kxg8 19. Ke2 Kh8 20. Nh5 Bxd4 21. exd4 Qf8 22. Qf6+ Qg7 23. Qxg7# 1-0

[Event "*** Titled Tuesday Blitz"]
[Site "Chess.com"]
[Date "2020.12.01"]
[Round "4"]
[White "Nikolaj_6"]
[Black "brunomorado"]
[Result "1-0"]
[WhiteElo "2627"]
[BlackElo "2418"]
[TimeControl "180+1"]
[EndTime "10:36:24 PST"]
[Termination "Nikolaj_6 won by resignation"]

1. e4 c5 2. Nf3 Nc6 3. d4 cxd4 4. Nxd4 e5 5. Nb5 d6 6. c4 Be7 7. N1c3 a6 8. Na3 Be6 9. Nd5 Nf6 10. Bd3 O-O 11. O-O Rc8 12. Be3 Bxd5 13. cxd5 Nb8 14. Qb3 b5 15. Nc2 Nbd7 16. Nb4 Nc5 17. Bxc5 dxc5 18.
Nc6 Rxc6 19. dxc6 c4 20. Bxc4 bxc4 21. Qxc4 Qb6 22. b3 Rc8 23. Rac1 Ba3 24. Rc2 Ne8 25.
Rd1 Nd6 26. Qd5 g6 27. Qxe5 Rxc6 28. Rxc6 Qxc6 29. Qd5 Qc2 30. e5 Ne4 31. Rf1 Bc5 32. e6 Nxf2 33. exf7+ Kf8 34. Qd8+ Kxf7 35. Qh4 Qxa2 36.
Qc4+ 1-0

[Event "*** Titled Tuesday Blitz"]
[Site "Chess.com"]
[Date "2020.12.01"]
[Round "4"]
[White "Ze-Pequeno"]
[Black "IMVoja"]
[Result "0-1"]
[WhiteElo "2187"]
[BlackElo "2422"]
[TimeControl "180+1"]
[EndTime "10:36:24 PST"]
[Termination "IMVoja won by resignation"]

1. e4 e6 2. d4 d5 3. Nc3 Bb4 4. e5 Qd7 5. a3 Bxc3+ 6. bxc3 b6 7. Qg4 f5 8. Qg3 Bb7 9. h4 Nc6 10. a4 Na5 11. Nf3 O-O-O 12. h5 Nh6 13. Ng5 Kb8 14.
Bd3 Nc4 15. O-O a5 16. f3 Rdg8 17. Kf2 Nf7 18. Rh1 Nxg5 19. Qxg5 Bc6 20. h6 gxh6 21. Qxh6 Rg7 22. Rh2 Rhg8 23. Qf6 Rg6 24. Qh4 Qg7 25. Qh3 Rg3 0-1

[Event "*** Titled Tuesday Blitz"]
[Site "Chess.com"]
[Date "2020.12.01"]
[Round "4"]
[White "Markov_Mikhail"]
[Black "TheCavemanChesss"]
[Result "1-0"]
[WhiteElo "2711"]
[BlackElo "2482"]
[TimeControl "180+1"]
[EndTime "10:36:26 PST"]
[Termination "Markov_Mikhail won by resignation"]

1. c4 Nf6 2. Nf3 e6 3. g3 d5 4. Bg2 Be7 5. O-O O-O 6. d4 dxc4 7. Nbd2 b5 8. a4 c6 9. Qc2 Bb7 10. b3 cxb3 11. Nxb3 Nbd7 12. Rd1 a5 13. e4 Qb6 14. Be3 Ng4 15. Bf4 c5 16. h3 c4 17. hxg4 cxb3 18. Qxb3 Bxe4 19. axb5 Bd6 20. Ne5 Bxe5 21. Bxe4 Bxf4 22.
Bxa8 Bxg3 23. Bc6 Ra8 24. Bxa8 1-0

[Event "*** Titled Tuesday Blitz"]
[Site "Chess.com"]
[Date "2020.12.01"]
[Round "4"]
[White "ENajer77"]
[Black "PlotnikovPavel"]
[Result "1-0"]
[WhiteElo "2675"]
[BlackElo "2471"]
[TimeControl "180+1"]
[EndTime "10:36:27 PST"]
[Termination "ENajer77 won by checkmate"]

1. d4 Nf6 2. c4 g6 3. Nc3 Bg7 4. e4 O-O 5. Be2 d6 6. Be3 e5 7. d5 Na6 8. g4 Nc5 9. f3 Nfd7 10. Qd2 Nb6 11. O-O-O f5 12. gxf5 gxf5 13. Kb1 f4 14. Bf2 Bd7 15. Bf1 Qf6 16. Rc1 Qh6 17. h4 Bf6 18. Qe2 Kh8 19. Bh3 Bxh3 20. Nxh3 a5 21. Ng5 Bxg5 22. hxg5 Qg6 23. Rcg1 Nbd7 24. Rh6 Qg7 25.
Rgh1 Rf7 26. g6 Re7 27. Rxh7+ Qxh7 28. gxh7 Rxh7 29. Rxh7+ Kxh7 30. Nb5 Rg8 31. Nxc7 Nf6 32. Bxc5 dxc5 33. Ne6 Rg3 34. d6 Kg6 35. Nxc5 b6 36.
d7 Nxd7 37. Nxd7 Rh3 38. Nxe5+ Kf6 39. Ng4+ Ke6 40. Qd1 Rh1 41. Qxh1 Kd6 42. Qh5 b5 43. Qd5+ Ke7 44. e5 Kf8 45. Qd7 Kg8 46. Nf6+ Kf8 47. e6 bxc4 48. Qf7# 1-0

[Event "*** Titled Tuesday Blitz"]
[Site "Chess.com"]
[Date "2020.12.01"]
[Round "4"]
[White "Arkady_Gitelson"]
[Black "Homino"]
[Result "1-0"]
[WhiteElo "2603"]
[BlackElo "2368"]
[TimeControl "180+1"]
[EndTime "10:36:27 PST"]
[Termination "Arkady_Gitelson won by resignation"]

1. Nf3 c5 2. g3 g6 3. Bg2 Bg7 4. d4 cxd4 5. Nxd4 Nc6 6. Nb3 Nf6 7. O-O O-O 8. c4 d6 9. Nc3 Be6 10. Nd5 a5 11. Bg5 a4 12. Bxf6 exf6 13. Nc1 f5 14. Rb1 Ne5 15. b3 axb3 16. axb3 Ra3 17. Nd3 Nxd3 18. Qxd3 Ra2 19. Rfd1 Qb8 20. Nb4 Ra3 21.
Qxd6 Qxd6 22. Rxd6 Rb8 23. Rdd1 b5 24. Nc6 Re8 25. cxb5 Bxb3 26. Rd8 Rxd8 27. Nxd8 Bc2 28. Rc1 Be4 29. Bxe4 fxe4 30. b6 Rb3 31. b7 Be5 32. Rc8 Kg7 33. Nc6 Bd6 34. b8=Q Bxb8 35. Nxb8 1-0

[Event "*** Titled Tuesday Blitz"]
[Site "Chess.com"]
[Date "2020.12.01"]
[Round "4"]
[White "German_Bazeev"]
[Black "Twannibal"]
[Result "1-0"]
[WhiteElo "2723"]
[BlackElo "2489"]
[TimeControl "180+1"]
[EndTime "10:36:29 PST"]
[Termination "German_Bazeev won by checkmate"]

1. d4 Nf6 2. Nf3 d5 3. c4 e6 4. g3 Bb4+ 5. Bd2 Be7 6. Bg2 O-O 7.
Qc2 Nbd7 8. h4 b6 9. Nc3 Ba6 10. cxd5 exd5 11. Ng5 c6 12. O-O-O h6 13. Kb1 Rc8 14. e4 dxe4 15. Ncxe4 Nxe4 16. Bxe4 c5 17. Bh7+ Kh8 18. d5 Nf6 19. Bc3 Nxd5 20. Bg8 Nf6 21. Bxf6 Bxf6 22. Qh7# 1-0

[Event "*** Titled Tuesday Blitz"]
[Site "Chess.com"]
[Date "2020.12.01"]
[Round "4"]
[White "Berardino"]
[Black "mamey78"]
[Result "1-0"]
[WhiteElo "2638"]
[BlackElo "2432"]
[TimeControl "180+1"]
[EndTime "10:36:32 PST"]
[Termination "Berardino won by resignation"]

1. e4 e5 2. Nf3 Nc6 3. Bc4 Nf6 4.
d3 Be7 5. O-O O-O 6. Nbd2 d6 7.
c3 Kh8 8. a4 Ng8 9. Re1 f5 10.
exf5 Bxf5 11. h3 a6 12. Nf1 d5 13. Ba2 e4 14. dxe4 Bxe4 15. Nd4 Bh4 16. Be3 Qf6 17. Ng3 Ne5 18. Nxe4 dxe4 19. Qe2 Qg6 20. Kh1 c5 21.
Ne6 Nd3 22. Nxf8 Rxf8 23. Rf1 Ne7 24. Qg4 Qxg4 25. hxg4 Bxf2 26. Bxf2 Nxf2+ 27. Kg1 e3 28. Rae1 1-0

[Event "*** Titled Tuesday Blitz"]
[Site "Chess.com"]
[Date "2020.12.01"]
[Round "4"]
[White "Soltan49"]
[Black "vwnv7"]
[Result "0-1"]
[WhiteElo "2219"]
[BlackElo "2419"]
[TimeControl "180+1"]
[EndTime "10:36:33 PST"]
[Termination "vwnv7 won by checkmate"]

1. Nf3 d5 2. d4 Nf6 3. Bf4 c5 4. e3 Nc6 5. c3 Qb6 6. Qc1 Bf5 7. Nbd2 e6 8. h3 Rc8 9. Nh4 cxd4 10. Nxf5 exf5 11.
exd4 Nxd4 12. Be3 Qe6 13. cxd4 Rxc1+ 14. Rxc1 f4 15. Bb5+ Kd8 16. Kd1 fxe3 17. fxe3 Bb4 18. Nf3 a6 19. Ba4 Qxe3 20. a3 Qd3+ 21. Nd2 Qxd2# 0-1

[Event "*** Titled Tuesday Blitz"]
[Site "Chess.com"]
[Date "2020.12.01"]
[Round "4"]
[White "Misi_95"]
[Black "aa175"]
[Result "1-0"]
[WhiteElo "2629"]
[BlackElo "2336"]
[TimeControl "180+1"]
[EndTime "10:36:34 PST"]
[Termination "Misi_95 won by resignation"]

1. e4 c5 2. Nf3 d6 3. Bb5+ Nd7 4. d4 cxd4 5. Qxd4 a6 6. Bxd7+ Bxd7 7. Nc3 Rc8 8. Bg5 e5 9. Qd3 Be7 10. Bxe7 Qxe7 11.
O-O-O Bg4 12. Qxd6 Qxd6 13. Rxd6 Bxf3 14. gxf3 Ke7 15. Rb6 Rb8 16. Nd5+ Ke8 17. Rd1 f6 18. Nc7+ Kf7 19. Nxa6 Ra8 20. Rxb7+ Kg6 21. Rg1+ Kh6 22. Nc7 Rxa2 23. Kb1 Ra5 24. Nd5 g6 25. b4 Ra4 26. b5 Kh5 27. Rg4 g5 28. b6 Nh6 29.
Rg3 Rha8 30. Rg7 Ra1+ 31. Kb2 R1a2+ 32. Kc1 Kh4 33. Rxh7 g4 34. Rxh6+ Kg5 35. Rxf6 Kh5 36. fxg4+ Kh4 37. b7 Ra1+ 38. Kd2 Rb8 39. Rf5 Rh8 40. b8=Q Ra8 41. Qxh8+ 1-0

[Event "*** Titled Tuesday Blitz"]
[Site "Chess.com"]
[Date "2020.12.01"]
[Round "4"]
[White "bratkoo"]
[Black "ljuks68"]
[Result "0-1"]
[WhiteElo "2541"]
[BlackElo "2395"]
[TimeControl "180+1"]
[EndTime "10:36:39 PST"]
[Termination "ljuks68 won by resignation"]

1. e4 e6 2. d4 d5 3. Nc3 Bb4 4. e5 Ne7 5. a3 Bxc3+ 6. bxc3 c5 7. Qg4 Qc7 8. Qxg7 Rg8 9. Qxh7 cxd4 10. Ne2 Nbc6 11. f4 Bd7 12. h4 O-O-O 13. Qd3 dxc3 14. h5 d4 15. h6 Rg6 16. h7 Rh8 17. Nxd4 Nxd4 18. Qxd4 Kb8 19. Be3 b6 20. O-O-O Nf5 21.
Qd3 Ba4 22. Bf2 Rg7 23. Qd8+ Rxd8 24. h8=Q Rxh8 25. Rxh8+ Kb7 26. Bd3 Qe7 0-1

[Event "*** Titled Tuesday Blitz"]
[Site "Chess.com"]
[Date "2020.12.01"]
[Round "4"]
[White "Mr_Heisenberg13"]
[Black "TC2304"]
[Result "1-0"]
[WhiteElo "2615"]
[BlackElo "2328"]
[TimeControl "180+1"]
[EndTime "10:36:43 PST"]
[Termination "Mr_Heisenberg13 won by resignation"]

1. e4 c5 2. Nf3 d6 3. d4 cxd4 4.
Nxd4 Nf6 5. Nc3 a6 6. Rg1 e5 7.
Nb3 Be6 8. g4 d5 9. g5 Nxe4 10.
Nxe4 dxe4 11. Qxd8+ Kxd8 12. Bg2 Bd5 13. Be3 Kc7 14.
O-O-O Bc6 15. Na5 Be7 16. Nxc6 Nxc6 17. Bxe4 Rad8 18. Rxd8 Rxd8 19. c3 Na5 20. b3 b6 21.
Rg3 Nb7 22. Rh3 Nd6 23. Bc2 Nb5 24. Rxh7 Ba3+ 25. Kb1 Nxc3+ 26. Ka1 Nd1 27. Rxg7 Nxe3 28. Rxf7+ Kb8 29. fxe3 Rd2 30. Kb1 Rxh2 31. Rf1 Rg2 32.
g6 Kc7 33. Be4 Rb2+ 34. Ka1 Rh2 35. g7 Bb2+ 36. Kb1 Bc3 37. g8=Q Rb2+ 38. Kc1 Rxa2 39. Qc4+ Kd6 1-0

[Event "*** Titled Tuesday Blitz"]
[Site "Chess.com"]
[Date "2020.12.01"]
[Round "4"]
[White "malakismayil"]
[Black "ApoIogiA"]
[Result "1-0"]
[WhiteElo "2277"]
[BlackElo "2132"]
[TimeControl "180+1"]
[EndTime "10:36:45 PST"]
[Termination "malakismayil won by resignation"]

1. e4 c5 2. Nf3 d6 3. d4 cxd4 4. Nxd4 Nf6 5. Nc3 a6 6. Bc4 e6 7.
a3 Nbd7 8. O-O b5 9. Bd3 Bb7 10. Nb3 Be7 11. Be3 O-O 12. h3 Rc8 13. Nd2 d5 14. exd5 Nxd5 15. Nxd5 Bxd5 16. Qh5 Nf6 17.
Qe2 Bd6 18. f4 Qc7 19. Rac1 Bb7 20. c4 Qc6 21. cxb5 Qd5 22. bxa6 Ba8 23. Bc4 Qc6 24.
b4 Nh5 25. Qf2 Be7 26. b5 Qd6 27. a4 Rfd8 28. b6 1-0